 Dungeon Crawl Stone Soup version 0.14.1-26-g5a19342 (webtiles) character file.

125 Kae the Insei (level 4, -1/35 HPs)
             Began as a Draconian Transmuter on July 25, 2014.
             Slain by a gnoll
             ... wielding a +0,+0 halberd
              (8 damage)
             ... on Level 2 of the Dungeon.
             The game lasted 00:01:58 (1990 turns).

Kae the Insei (Draconian Transmuter)                Turns: 1990, Time: 00:01:58

HP  -1/35        AC  5     Str 12      XL: 4   Next: 23%
MP  16/16        EV 12     Int 13      God:
Gold 41          SH  0     Dex 13      Spells:  1 memorised,  6 levels left

rFire  + . .     SeeInvis .       - Unarmed
rCold  . . .     Clarity  .     (armour unavailable)
rNeg   . . .     Conserve .     (no shield)
rPois  .         rCorr    .     (helmet restricted)
rElec  .         rRot     .     (no cloak)
SustAb . .       Spirit   .     (no gloves)
rMut   .         Warding  .     (boots unavailable)
Saprov . . .     Stasis   .     (no amulet)
MR     .....                    n - ring of magical power
                                j - ring of protection from fire

@: appendage (expiring), not resistant to hostile enchantments, unstealthy
A: unfitting armour, talons 3, AC +5
a: End Transformation


You were on level 2 of the Dungeon.
You were near starving.
You had grown temporary talons.
You visited 1 branch of the dungeon, and saw 2 of its levels.

You collected 41 gold pieces.

Inventory:

Missiles
 b - 12 arrows
Comestibles
 a - 3 bread rations
 m - a pear
Scrolls
 c - 3 scrolls of enchant weapon II
 o - 2 scrolls of recharging
Jewellery
 j - a ring of protection from fire (left hand)
 n - a ring of magical power (right hand)
Potions
 e - a potion of curing
 i - a potion of agility {unknown}
 q - a potion of poison {unknown}
 r - a potion of resistance {unknown}
 s - a potion of haste
Books
 d - a book of Changes

   Spells                             Type                      Level
   *Beastly Appendage                 Transmutation                1
   Sticks to Snakes                   Transmutation                2
   Spider Form                        Transmutation/Poison         3
   Ice Form                           Ice/Transmutation            4
   Blade Hands                        Transmutation                5


   Skills:
 - Level 1.1 Fighting
 - Level 1.7 Dodging
 * Level 4.5 Unarmed Combat
 - Level 2.0 Spellcasting
 + Level 3.0 Transmutations


You had 6 spell levels left.
You knew the following spells:

 Your Spells              Type           Power        Failure   Level  Hunger
a - Beastly Appendage     Trmt           #.....       10%         1    ##.....


Dungeon Overview and Level Annotations

Branches:
Dungeon (2/15)

Altars:


Innate Abilities, Weirdness & Mutations

Your plain brown scales are hard (AC +5).
Your body does not fit into most forms of armour.
Your cold-blooded metabolism reacts poorly to cold.
You have claws for feet.


Message History

You are held in a net!
You are held in a net!
You are held in a net!
You are held in a net!
You are held in a net!
You struggle against the net.
The gnoll hits you with a halberd!
You try to slip out of the net.
The gnoll hits you with a flail. The gnoll barely misses you.
You slip out of the net!
The gnoll hits you with a flail!
* * * LOW HITPOINT WARNING * * *
The gnoll hits you with a halberd!
* * * LOW HITPOINT WARNING * * *
You barely miss the gnoll. Your kick misses the gnoll.
The gnoll is moderately wounded.
The gnoll hits you but does no damage.
Unknown command.
Unknown command.
Drink which item? (? for menu, Esc to quit)
You feel better. The gnoll hits you with a halberd!
You die...

##.##.# #.#.##.####.#.###.#
##.##.# #......# #.#.###.#
......# ###.#### #.......# ###
...#### ##.## ##...#### #..
########## #...##### #...# #.#
.......g.# #.......# #...# ###.#
.......#.# #.#.###.###...####...#
.....g.#.# #.#.###...............
.......#.# #.#gg@................
.....$.#g# #.#.g##...........##..
.......#g###....##.###...#####...
.....#)............##....>.# #...
.###...#####..###.###....#.# #...
##### #..###.###....#.# ###.
#..#.........##.# #.
##..#.#.###.####.# ##
#..............<.# ##


You could see 2 gnolls and a hobgoblin.

Vanquished Creatures
  3 adders (D:2)
  2 gnolls (D:2)
  A worm (D:2)
  2 giant geckos (D:1)
  3 bats (D:1)
  2 giant cockroaches (D:2)
  A hobgoblin (D:1)
  A quokka (D:2)
  3 giant newts
  4 goblins (D:1)
  8 kobolds
  5 rats
35 creatures vanquished.

Notes
Turn   | Place    | Note
--------------------------------------------------------------
     0 | D:1      | Kae, the Draconian Transmuter, began the quest for the Orb.
     0 | D:1      | Reached XP level 1. HP: 16/16 MP: 3/3
   403 | D:1      | Reached XP level 2. HP: 18/23 MP: 4/4
   911 | D:2      | Reached XP level 3. HP: 20/28 MP: 6/6
  1159 | D:2      | Reached skill level 4 in Unarmed Combat
  1600 | D:2      | Reached XP level 4. HP: 18/35 MP: 7/7
  1990 | D:2      | Slain by a gnoll

Action                   |  1- 3 |  4- 6 || total
-------------------------+-------+-------++-------
Melee: Unarmed           |   143 |     9 ||   152
 Cast: Beastly Appendage |     3 |     2 ||     5
  Use: Scroll            |       |    10 ||    10
       Potion            |       |     1 ||     1
